 Dungeon Crawl Stone Soup version 0.30.1-11-g7821555f0a (webtiles) character file.

Game seed: 6911641957676767003

64 Ekaitz the Gusty (level 4, -1/25 HPs)
             Began as a Tengu Air Elementalist on Dec 20, 2023.
             Slain by an orc wizard
             ... wielding a +0 dagger
              (3 damage)
             ... on level 3 of the Dungeon.
             The game lasted 00:02:46 (1664 turns).

Ekaitz the Gusty (Tengu Air Elementalist)           Turns: 1664, Time: 00:02:46

Health: -1/25      AC:  2    Str:  8    XL:     4   Next: 12%
Magic:  2/8        EV:  9    Int: 18    God:
Gold:   53         SH:  0    Dex: 14    Spells: 1/7 levels left

rFire   . . .        e - +0 dagger
rCold   . . .        (no shield)
rNeg    . . .        a - +0 robe
rPois   .            (helmet restricted)
rElec   .            (no cloak)
rCorr   .            (no gloves)
SInv    .            (boots unavailable)
Will    .....        (no amulet)
Stlth   +            (no ring)
HPRegen 0.24/turn    (no ring)
MPRegen 0.11/turn

%: no passive effects
@: confused, very slightly contaminated, constricted
A: beak, talons 3
a: no special abilities


You were on level 3 of the Dungeon.
You visited 1 branch of the dungeon, and saw 3 of its levels.

You collected 53 gold pieces.

Inventory:

Hand Weapons
 e - a +0 dagger (weapon)
Missiles
 i - 5 poisoned darts
Armour
 a - a +0 robe (worn)
Wands
 n - a wand of acid (3)
Scrolls
 j - 2 scrolls of teleportation {unknown}
 k - 2 scrolls of amnesia {unknown}
 m - 2 scrolls of identify {unknown}
 p - a scroll of brand weapon {unknown}
Potions
 b - a potion of magic
 c - 2 potions of brilliance {unknown}
 d - a potion of lignification {unknown}
 f - a potion of ambrosia {unknown}
 g - a potion of haste {unknown}
 h - a potion of berserk rage {unknown}
 l - 3 potions of attraction {unknown}
 o - a potion of curing {unknown}


   Skills:
 * Level 1.0 Fighting
 * Level 2.6 Dodging
 + Level 2.0 Stealth
 + Level 2.2 Spellcasting
 * Level 2.8 Conjurations
 * Level 4.9 Air Magic
 * Level 0.2 Evocations


You had one spell level left.
You knew the following spells:

 Your Spells              Type           Power      Damage    Failure   Level
a - Shock                 Conj/Air       60%        1d6       3%          1
b - Static Discharge      Conj/Air       30%        2-4/arc   5%          2
c - Swiftness             Air            19%        N/A       7%          3

Your spell library contained the following spells:

 Spells                   Type           Power      Damage    Failure   Level
 Airstrike                Air            9%         2d(2-18)  24%         4


Dungeon Overview and Level Annotations

Branches:
Dungeon (3/15)

Altars:


Innate Abilities, Weirdness & Mutations

You have a beak for a mouth.
You have claws for feet.


Message History

The orc priest is lightly wounded.
Unknown command.
Casting: Shock (safe; 3% risk of failure)
Confirm with . or Enter, or press ? or * to list all spells.
Aiming: Shock (safe; 3% risk of failure)
Press: ? - help, Shift-Dir - straight line, f/p - orc priest
Aim: an orc priest, wielding a +0 short sword and wearing a +0 leather armour (lightly wounded, 71% to hit)
The zap hits something.
The zap hits the orc priest.
The orc priest is moderately wounded.
Something hits you.
Casting: Shock (safe; 3% risk of failure)
Confirm with . or Enter, or press ? or * to list all spells.
Aiming: Shock (safe; 3% risk of failure)
Press: ? - help, Shift-Dir - straight line, f/p - orc priest
Aim: an orc priest, wielding a +0 short sword and wearing a +0 leather armour (moderately wounded, 71% to hit)
You miscast Shock.
You are very lightly contaminated with residual magic.
Nothing appears to happen.
Something hits you.
Casting: Shock (safe; 3% risk of failure)
Confirm with . or Enter, or press ? or * to list all spells.
Aiming: Shock (safe; 3% risk of failure)
Press: ? - help, Shift-Dir - straight line, f/p - orc priest
Aim: an orc priest, wielding a +0 short sword and wearing a +0 leather armour (moderately wounded, 71% to hit)
The zap hits something.
The zap misses the orc priest.
Unknown command.
Casting: Shock (safe; 3% risk of failure)
Confirm with . or Enter, or press ? or * to list all spells.
You don't have enough magic to cast this spell.
Unknown command.
You hear some strange, mumbled words.
You are confused.
The orc hits you with a +0 flail!
In your confused state, you trip and fall back down the stairs.
The ball python closely misses you. The ball python barely misses you.
The ball python bites you but does no damage.
The ball python grabs you. The ball python constricts you.
The orc hits you with a +0 flail!
* * * LOW HITPOINT WARNING * * *
Something hits you.
You die...

# )#
#.#
.).#
###..#
#{oo#
#@#
#.S.#
#.###
#< #


You could see an orc priest, an orc and a ball python.

Vanquished Creatures
  An adder (D:2)
  3 dart slugs (D:2)
  A worm (D:2)
  2 orcs (D:3)
  4 endoplasms (D:2)
  2 giant cockroaches
  3 goblins
  4 hobgoblins (D:1)
  A jackal (D:2)
  3 quokkas (D:1)
  5 ball pythons
  2 bats (D:2)
  2 frilled lizards (D:2)
  3 kobolds
  6 rats
42 creatures vanquished.

Notes
Turn   | Place    | Note
-------+----------+-------------------------------------------
     0 | D:1      | Ekaitz the Tengu Air Elementalist began the quest for the
                  | Orb.
     0 | D:1      | Reached XP level 1. HP: 10/10 MP: 4/4
   320 | D:1      | Reached XP level 2. HP: 15/15 MP: 3/6
   323 | D:1      | Learned a level 2 spell: Static Discharge
   867 | D:2      | Reached XP level 3. HP: 9/19 MP: 0/7
   871 | D:2      | Learned a level 3 spell: Swiftness
  1363 | D:2      | Reached XP level 4. HP: 24/24 MP: 5/8
  1658 | D:3      | Reached skill level 1 in Fighting
  1664 | D:3      | Slain by an orc wizard

Illustrated notes

Levels and vault maps discovered:
D:1:      minmay_arrival_wavy_path, layout_basic
D:2:      minmay_evil_eye, layout_rooms
D:3:      layout_rooms, tgw_trog

Skill      XL: |  1  2  3  4 |
---------------+-------------+-----
Conjurations   | 2 |  2.8
Fighting       | 1 |  1.0
Dodging        | |  2.6
Stealth        | |  2.0
Spellcasting   | |  2.2
Air Magic      | |  4.9
Evocations     | |  0.2

Action                     |  1- 3 |  4- 6 || total
---------------------------+-------+-------++-------
  Melee: Dagger            |     9 |       ||     9
         Kick              |     4 |       ||     4
         Peck              |     1 |       ||     1
   Cast: Shock             |    59 |    11 ||    70
         Static Discharge  |     3 |       ||     3
   Stab: Sleeping          |     3 |       ||     3
 Armour: Robe              |       |     1 ||     1
  Dodge: Dodged            |    10 |     2 ||    12
